 Dungeon Crawl Stone Soup version 0.31.0-32-g396128a36d (webtiles) character file.

Game seed: 15345687355528147325

163 Marvel the Sneak (level 5, 0/35 HPs)
             Began as an Octopode Brigand on Mar 16, 2024.
             Slain by a jelly (2 damage)
             ... on level 4 of the Dungeon.
             The game lasted 00:03:48 (2427 turns).

Marvel the Sneak (Octopode Brigand)                 Turns: 2427, Time: 00:03:48

Health: 0/35       AC: -3    Str: 10    XL:     5   Next: 44%
Magic:  5/5        EV: 13    Int: 20    God:
Gold:   186        SH:  0    Dex: 15    Spells: 4/4 levels left

rFire   . . .        q - +2 dagger (venom)
rCold   . . .        (no shield)
rNeg    . . .        (helmet restricted)
rPois   .            (no amulet)
rElec   .            e - +6 ring of intelligence
rCorr   .            (no ring)
SInv    .            (no ring)
Will    .....        (no ring)
Stlth   +++++        (no ring)
HPRegen 0.25/turn    (no ring)
MPRegen 0.09/turn    (no ring)
                     (no ring)

%: no passive effects
@: corroded
A: almost no armour, amphibious, 8 rings, camouflage 1, gelatinous body 1,
(nimble swimmer 1), tentacles
a: no special abilities


You were on level 4 of the Dungeon.
You visited 1 branch of the dungeon, and saw 5 of its levels.

You collected 186 gold pieces.

Inventory:

Hand Weapons
 a - a +2 dagger
 q - a +2 dagger of venom (weapon)
Missiles
 b - 13 poisoned darts (quivered)
 c - 3 curare-tipped darts
 n - a throwing net
Jewellery
 e - a +6 ring of intelligence (left tentacle)
Scrolls
 d - 4 scrolls of amnesia {unknown}
 g - 3 scrolls of teleportation {unknown}
 h - 3 scrolls of enchant armour {unknown}
 i - a scroll of enchant weapon {unknown}
 j - a scroll of immolation {unknown}
 k - 3 scrolls of identify {unknown}
 m - a scroll of noise {unknown}
 o - a scroll of fear {unknown}
Potions
 f - a potion of enlightenment {unknown}
 l - a potion of might {unknown}
 p - a potion of heal wounds {unknown}


   Skills:
 + Level 2.3 Fighting
 + Level 3.0 Short Blades
 + Level 2.1 Throwing
 + Level 1.5 Dodging
 + Level 7.9 Stealth


You had 4 spell levels left.
You didn't know any spells.
Your spell library contained the following spells:

 Spells                   Type           Power      Damage    Failure   Level
 Call Canine Familiar     Summ           0%         N/A       50%         3
 Sigil of Binding         Hex            0%         N/A       50%         3
 Dimensional Bullseye     Hex/Tloc       0%         N/A       88%         4


Dungeon Overview and Level Annotations

Branches:
Dungeon (5/15)
 Temple: D:4-7

Altars:
Fedhas
Qazlal


Innate Abilities, Weirdness & Mutations

You cannot wear most types of armour.
You are amphibious.
You can wear up to eight rings at the same time.
Your skin changes colour to match your surroundings (Stealth+).
Your rubbery body absorbs attacks. (AC +1, EV +1)
((You are camouflaged when in or above water. (Stealth+)))
You have tentacles for arms and can constrict up to eight enemies at once.


Message History

You climb downwards.
There is a stone staircase leading up here.
You hit the goblin.
You kill the goblin!
You see here a +2 dagger of venom.
q - a +2 dagger of venom Your +2 dagger of venom begins to drip with poison!
q - a +2 dagger of venom (weapon)
There is a stone staircase leading up here.
Throw: 14 darts (poison)
Press: ? - help, Q - select action, (/) - cycle Shift-Dir - straight line, f - orc
Aim: an orc, wielding a +0 dagger and wearing a +0 ring mail (61% to hit)
You throw a poisoned dart.
The poisoned dart closely misses the orc.
You barely miss the orc. You grab the orc.
You constrict the orc, but do no damage.
The orc hits you with a +0 dagger.
You hit the orc but do no damage. You constrict the orc.
You hit the orc but do no damage.
The orc is poisoned.
You squeeze the orc, but do no damage.
The orc is lightly wounded.
You constrict the orc.
You kill the orc!
You start resting.
HP restored.
You climb upwards.
The jelly misses you.
There is a stone staircase leading down here.
You hit the jelly. The acid corrodes you!
Your tentacles burn!
The jelly is lightly wounded.
The jelly hits you.
You are splashed with acid!
You hit the jelly.
The jelly is poisoned.
Your tentacles burn!
The jelly is moderately wounded.
The jelly hits you.
You are splashed with acid!
* * * LOW HITPOINT WARNING * * *
You hit the jelly but do no damage.
The jelly looks as sick as possible!
Your tentacles burn!
* * * LOW HITPOINT WARNING * * *
The jelly is moderately wounded.
The jelly hits you.
You die...

#.# #.........
####.# #.###.####
##....# #.###.##
##.###.## #.##...###
#.##
##.####.#....... #.#
#.(....#....### #.##
##.######.#.##
##.###.........#.#
##.@............#
######J#############
#..J...# #.####.##
####.###...#
#..J.......#
#J##.###...# #. #.#
##...... #. #.#
#######


You could see a jelly (extremely poisoned).

Vanquished Creatures
  An ogre (D:4)
  2 adders
  A dart slug (D:2)
  2 ribbon worms
  3 orcs
  4 endoplasms
  4 giant cockroaches
  6 goblins
  8 hobgoblins
  4 ball pythons
  3 bats (D:2)
  4 frilled lizards
  9 kobolds
51 creatures vanquished.

Notes
Turn   | Place    | Note
-------+----------+-------------------------------------------
     0 | D:1      | Marvel the Octopode Brigand began the quest for the Orb.
     0 | D:1      | Reached XP level 1. HP: 14/14 MP: 1/1
   279 | D:1      | Reached XP level 2. HP: 19/19 MP: 2/2
   370 | D:1      | Reached skill level 6 in Stealth
   677 | D:2      | Reached XP level 3. HP: 12/24 MP: 3/3
   934 | D:2      | Found a stormy altar of Qazlal.
  1565 | D:3      | Reached skill level 7 in Stealth
  1615 | D:3      | Reached XP level 4. HP: 29/29 MP: 4/4
  1706 | D:3      | Found a blossoming altar of Fedhas.
  2306 | D:4      | Noticed an ogre
  2314 | D:4      | Killed an ogre
  2315 | D:4      | Reached XP level 5. HP: 17/35 MP: 5/5
  2325 | D:5      | Entered Level 5 of the Dungeon
  2427 | D:4      | Slain by a jelly

Illustrated notes

Levels and vault maps discovered:
D:1:      dpeg_arrival_rooms_c, layout_basic, minmay_misc_feat_square,
          minmay_misc_feat_cross
D:2:      layout_basic, basic_altar, grunt_decor_clamped, st_stairs_12,
          hangedman_decor_push
D:3:      layout_basic, mainiacjoe_overflow_alcove_4, kennysheep_minor_cross
D:4:      layout_loops_ring, minmay_temple_entry_overgrown,
          minmay_misc_feat_encased, kennysheep_generic_room_5
D:5:      layout_loops_ring, mainiacjoe_overflow_surrounded_room, slow_altar_2,
          hangedman_glass_teeth

Skill      XL: |  1  2  3  4 |
---------------+-------------+-----
Stealth        | 6 7 |  7.9
Short Blades   | 3 |  3.0
Fighting       | |  2.3
Throwing       | |  2.1
Dodging        | |  1.5

Action                     |  1- 3 |  4- 6 || total
---------------------------+-------+-------++-------
  Melee: Dagger            |    72 |    29 ||   101
         Tentacles         |    10 |     9 ||    19
         Constrict         |    16 |     4 ||    20
         Punch             |     1 |       ||     1
  Throw: Dart              |       |     1 ||     1
   Stab: Sleeping          |    13 |     4 ||    17
 Armour: Skin              |    26 |     7 ||    33
  Dodge: Dodged            |    25 |    12 ||    37
